 Dungeon Crawl Stone Soup version 0.29.1-13-g9f3cf754e1 (webtiles) character file.

Game seed: 17382931266864183535

2374 KittyFluff the Basher (level 9, -13/81 HPs)
             Began as a Gargoyle Berserker on Jan 19, 2023.
             Was an Elder of Trog.
             Mangled by a boulder beetle (15 damage)
             ... on level 7 of the Dungeon.
             The game lasted 00:31:26 (6187 turns).

KittyFluff the Basher (Gargoyle Berserker)          Turns: 6187, Time: 00:31:27

Health: -13/81     AC: 15    Str: 22    XL:     9   Next: 45%
Magic:  9/9        EV: 16    Int:  9    God:    Trog [****..]
Gold:   178        SH:  3    Dex: 11    Spells: 8/8 levels left

rFire   . . .      SeeInvis .   E - +0 flail
rCold   . . .      Faith    .   s - +0 buckler
rNeg    + + .      Spirit   .   r - +1 leather armour {rN+}
rPois   ∞          Reflect  .   (no helmet)
rElec   +          Harm     .   (no cloak)
rCorr   .          Rampage  .   (no gloves)
Will    .....                   (no boots)
Stlth   ..........              y - amulet of the acrobat
HPRegen 0.23/turn               h - +4 ring of evasion
MPRegen 0.11/turn               G - +4 ring of protection

@: berserking (expiring), very quick
A: sickness immunity, AC +6, negative energy resistance 1, electricity
resistance, torment resistance 1, petrification resistance
a: Renounce Religion, Berserk, Trog's Hand, Brothers in Arms


You were on level 7 of the Dungeon.
You worshipped Trog.
Trog was greatly pleased with you.
You visited 1 branch of the dungeon, and saw 7 of its levels.

You collected 328 gold pieces.
You spent 150 gold pieces at shops.

Inventory:

Hand Weapons
 a - a +0 mace
 v - a +1 vorpal sling
 E - a +0 flail (weapon)
Missiles
 i - 63 stones (quivered)
 u - 4 boomerangs
 x - 13 poisoned darts
 A - 2 throwing nets
Armour
 l - a +0 scale mail
 o - a +0 chain mail
 q - a +2 ring mail of cold resistance
 r - a +1 leather armour of positive energy (worn)
 s - a +0 buckler (worn)
Jewellery
 h - a +4 ring of evasion (left hand)
 y - an amulet of the acrobat (around neck)
 D - the ring of Searchoez {Contam rF++ Will++ Int+6}
   (You bought it in a shop on level 1 of the Dungeon)

   [ring of intelligence]

   Int:       It affects your intelligence (+6).
   rF:        It greatly protects you from fire.
   Contam:    It causes magical contamination when unequipped.
   Will:      It greatly increases your willpower.
 G - a +4 ring of protection (right hand)
Scrolls
 c - a scroll of fear {unknown}
 d - 4 scrolls of torment {unknown}
 f - a scroll of summoning {unknown}
 g - a scroll of fog {unknown}
 j - 2 scrolls of teleportation {unknown}
 k - 2 scrolls of magic mapping {unknown}
 m - 8 scrolls of poison {unknown}
 n - 4 scrolls of immolation {unknown}
 p - a scroll of amnesia
 w - 2 scrolls of vulnerability {unknown}
 B - a scroll of noise
 F - a scroll of enchant armour {unknown}
Potions
 b - 4 potions of flight {unknown}
 e - 7 potions of curing {unknown}
 t - a potion of heal wounds
 z - 2 potions of lignification {unknown}
 C - a potion of might {unknown}


   Skills:
 + Level 5.5 Fighting
 * Level 10.0 Maces & Flails
 * Level 5.4 Armour
 + Level 3.9 Dodging
 + Level 2.1 Stealth
 + Level 1.3 Shields


You had 8 spell levels left.
You didn't know any spells.
Your spell library was empty.

Dungeon Overview and Level Annotations

Branches:
Dungeon (7/15)             Temple (0/1) D:6

Altars:
Elyvilon
Hepliaklqana
Nemelex Xobeh
Qazlal
Wu Jian
Zin

Shops:
D:1 *


Innate Abilities, Weirdness & Mutations

You are immune to sickness and miasma.
Your stone body is resilient. (AC +6)
You are immune to poison.
You resist negative energy. (rN+)
You are resistant to electric shocks. (rElec)
You are resistant to unholy torment.
You are immune to petrification.


Message History

You hit the killer bee.
The killer bee is moderately wounded.
The killer bee closely misses you.
You sock the killer bee!
You kill the killer bee!
Trog accepts your kill.
A sky beast comes into view.
You miss the sky beast. The sky beast barely misses you.
You miss the sky beast.
The sky beast hits you but does no damage.
You closely miss the sky beast.
You hit the boulder beetle but do no damage.
You hit the boulder beetle but do no damage.
The boulder beetle bites you!!
The sky beast flickers out of sight!
Deactivating autopickup; reactivate with Ctrl-A.
You hit the boulder beetle but do no damage.
The boulder beetle bites you but does no damage.
You completely miss the boulder beetle. The boulder beetle bites you!!
* * * LOW HITPOINT WARNING * * *
A red film seems to cover your vision as you go berserk!
You feel yourself moving faster!
You feel mighty! The boulder beetle bites you!
* * * LOW HITPOINT WARNING * * *
You hit the boulder beetle but do no damage.
The boulder beetle leaps!
An orc comes into view. It is wielding a +0 short sword.
The orc shouts!
You sock the boulder beetle!
The boulder beetle is lightly wounded.
The boulder beetle bites you!
* * * LOW HITPOINT WARNING * * *
A sky beast appears from thin air!
Reactivating autopickup.
You block the sky beast's attack.
A shadow imp comes into view.
You hit the boulder beetle.
The boulder beetle is moderately wounded.
You hit the boulder beetle but do no damage.
The boulder beetle is moderately wounded.
The boulder beetle bites you!
You die...

.###.##..#..#.#
...>........#.#
.#....##.##...#
.....###..#..## ##.###
##.##.# ...######.##.#
#.....>.#..### ####
#.#####.##.#. #..#
#.#####..###5o##@.##
.....###.#$[##§B##.#
..##...#.#?F##.Y##.#
######..##########.# #
#####....####.# #
#.####....## #.#
######### #.#
#.)'....#
#########.####..#.88.#


You could see a boulder beetle and a sky beast.

Vanquished Creatures
  Grinder (D:5)
  Sigmund (D:4)
  A shadow (D:6)
  A water moccasin (D:7)
  2 ice beasts
  A sky beast (D:7)
  2 black bears
  3 ogres
  A phantom (D:5)
  2 necrophages (D:6)
  4 scorpions
  A killer bee (D:7)
  2 orc priests (D:6)
  3 hounds
  3 jellies
  A gnoll bouda (D:6)
  An iguana (D:4)
  2 orc wizards (D:5)
  7 gnolls
  5 adders
  A shadow imp (D:6)
  2 white imps
  An ufetubus (D:6)
  5 dart slugs
  10 orcs
  9 endoplasms
  2 giant cockroaches
  6 goblins
  7 hobgoblins
  4 jackals
  6 kobolds
  A quokka (D:1)
  5 ball pythons
  7 bats
  8 frilled lizards
  3 rats
121 creatures vanquished.

Vanquished Creatures (others)
  8 plants (D:6)
  4 toadstools (D:1)
12 creatures vanquished.

Grand Total: 133 creatures vanquished

Notes
Turn   | Place    | Note
-------+----------+-------------------------------------------
     0 | D:1      | KittyFluff the Gargoyle Berserker began the quest for the
                  | Orb.
     0 | D:1      | Reached XP level 1. HP: 14/14 MP: 1/1
   303 | D:1      | Found Uxinubu's Assorted Antiques.
   306 | D:1      | Reached XP level 2. HP: 19/19 MP: 2/2
   624 | D:1      | Found a faded altar of an unknown god.
   701 | D:1      | Reached ** piety under Trog
   702 | D:1      | Reached XP level 3. HP: 21/23 MP: 3/3
   916 | D:2      | Reached skill level 4 in Maces & Flails
   918 | D:2      | Reached XP level 4. HP: 8/28 MP: 4/4
  1394 | D:2      | Reached XP level 5. HP: 32/32 MP: 5/5
  1740 | D:3      | Reached skill level 5 in Maces & Flails
  2163 | D:3      | Found a glowing silver altar of Zin.
  2354 | D:3      | Identified the +1 spear of Acoczin {vorpal, Will+ Stlth+}
  2543 | D:4      | Found a sparkling altar of Nemelex Xobeh.
  2543 | D:4      | Found a faded altar of an unknown god.
  2549 | D:4      | Found a stormy altar of Qazlal.
  2552 | D:4      | Found a hazy altar of Hepliaklqana.
  2553 | D:4      | Noticed an ice beast
  2554 | D:4      | Found a white marble altar of Elyvilon.
  2574 | D:4      | Killed an ice beast
  2575 | D:4      | Reached XP level 6. HP: 23/38 MP: 6/6
  3052 | D:4      | Noticed Sigmund
  3076 | D:4      | Killed Sigmund
  3077 | D:4      | Reached skill level 6 in Maces & Flails
  3077 | D:4      | Reached XP level 7. HP: 25/42 MP: 7/7
  3501 | D:4      | Reached *** piety under Trog
  3541 | D:5      | Entered Level 5 of the Dungeon
  3586 | D:5      | Noticed Grinder
  3591 | D:5      | Paralysed by Grinder for 4 turns
  3598 | D:5      | Paralysed by Grinder for 4 turns
  3607 | D:5      | Paralysed by Grinder for 5 turns
  3619 | D:5      | Killed Grinder
  3620 | D:5      | Reached skill level 7 in Maces & Flails
  3620 | D:5      | Reached skill level 1 in Stealth
  3853 | D:5      | Reached XP level 8. HP: 48/48 MP: 8/8
  3982 | D:5      | Reached skill level 8 in Maces & Flails
  4380 | D:5      | Found an ornate altar of the Wu Jian Council.
  4528 | D:1      | Bought a translucent granite ring for 150 gold pieces
  4528 | D:1      | Identified the ring of Searchoez {Contam rF++ Will++ Int+6}
                  | (You bought it in a shop on level 1 of the Dungeon)
  4746 | D:6      | Noticed a shadow
  4758 | D:6      | Killed a shadow
  4759 | D:6      | Reached skill level 5 in Fighting
  4759 | D:6      | Reached skill level 1 in Shields
  5021 | D:6      | Reached skill level 9 in Maces & Flails
  5067 | D:6      | Reached XP level 9. HP: 51/54 MP: 9/9
  5329 | D:6      | Reached skill level 5 in Armour
  5330 | D:6      | Reached **** piety under Trog
  5637 | D:6      | Found a staircase to the Ecumenical Temple.
  6034 | D:7      | Reached skill level 10 in Maces & Flails
  6156 | D:7      | Noticed a boulder beetle
  6184 | D:7      | HP: 1/81 [boulder beetle (12)]
  6187 | D:7      | Mangled by a boulder beetle

Illustrated notes

Levels and vault maps discovered:
D:1:      ldierk_water_garden, layout_loops_cross,
          chequers_ecumenical_altar_grove, serial_shops,
          nicolae_shop_window_shopping
D:2:      layout_basic, kennysheep_generic_room_15
D:3:      layout_loops_cross, zin_statuary
D:4:      layout_loops_ring, chequers_temple_overflow_minitemple,
          minmay_stone_trees_small, uniq_sigmund
D:5:      layout_gridville, nicolae_wu_jian_immortal_techniques, uniq_grinder
D:6:      layout_loops_ring, minmay_temple_entry_gardened_gates
D:7:      minmay_chambers_of_fours, layout_rooms

Skill      XL: |  1  2  3  4  5  6  7  8  9 |
---------------+----------------------------+-----
Maces & Flails | 4 5 6 7 9 10 | 10.0
Dodging        | 2 3 |  3.9
Armour         | 3 4 5 |  5.4
Fighting       | 4 5 |  5.5
Stealth        | 1 2 |  2.1
Shields        | 1 |  1.3

Action                   |  1- 3 |  4- 6 |  7- 9 || total
-------------------------+-------+-------+-------++-------
Melee: Mace              |    90 |   156 |   138 ||   384
       Flail             |       |       |   163 ||   163
Invok: Berserk           |     1 |     1 |     2 ||     4
  Use: Scroll            |       |       |     4 ||     4
       Potion            |       |       |     1 ||     1
 Stab: Sleeping          |       |       |     1 ||     1
Armor: Leather armour    |    35 |    51 |    95 ||   181
Dodge: Dodged            |    74 |   133 |   195 ||   402
Block: Buckler           |       |     8 |    31 ||    39
